[Event "Titled Tuesday Blitz March 15 Late 2022"]
[White "Jeet, Jain"]
[Black "Lobanov, Sergei"]
[WhiteFideId "5073022"]
[BlackFideId "24183750"]
[WhiteElo "2085"]
[BlackElo "2514"]
[Result "1-0"]
[Round "01"]
[TimeControl "180+1"]
[Date "2022.03.16"]
[WhiteClock "0:00:29"]
[BlackClock "0:00:06"]

1. d4 Nf6 2. Nf3 d5 3. Bf4 c5 4. e3 Nc6 5. c3 e6 6. Bd3 Be7 7. Nbd2 Nh5 8. Bg3 g6 9. O-O O-O 10. a3 c4 11. Bc2 Nxg3 12. hxg3 f5 13. b3 b5 14. a4 cxb3 15. Bxb3 b4 16. cxb4 Nxb4 17. Ne5 Bd6 18. Ndf3 a5 19. Rc1 Ba6 20. Re1 Rc8 21. Qd2 Qe7 22. Rxc8 Rxc8 23. Rc1 Rc7 24. Rc3 Kg7 25. Qc1 Rxc3 26. Qxc3 Qc7 27. Qxc7+ Bxc7 28. g4 h6 29. gxf5 gxf5 30. Nd7 Nd3 31. Nfe5 Nxe5 32. Nxe5 Kf6 33. Nd7+ Ke7 34. Nc5 Bc8 35. f4 Bd6 36. Nd3 Ba6 37. Ne5 Bb4 38. Kf2 Kf6 39. g4 fxg4 40. Nxg4+ Kg7 41. Bc2 h5 42. Ne5 h4 43. Nf3 h3 44. Kg3 Be2 45. Ng5 Kf6 46. Nxh3 Be1+ 47. Kg2 Bg4 48. Nf2 Bf5 49. Bxf5 Kxf5 50. Nd3 Bd2 51. Kf3 Bc3 52. Nc5 Bd2 53. Nb7 Bb4 54. Nd8 Kf6 55. Nc6 Bc3 56. e4 dxe4+ 57. Kxe4 Bd2 58. Ne5 Ke7 59. Nf3 Bb4 60. f5 exf5+ 61. Kxf5 Kd6 62. Ke4 Bc3 63. Ne5 Bb4 64. Nc4+ Kc6 65. d5+ Kc5 66. Ne5 Bc3 67. Nd3+ Kd6 68. Nf4 Bf6 69. Ne6 Bh8 70. Nd4 Kc5 71. Nb5 Kb4 72. d6 Kc5 73. Kf5 Kc6 74. Ke6 Bg7 75. d7 Bf6 76. Kxf6 Kxd7 77. Ke5 Kc6 78. Kd4 1-0


[Site "https://www.chess.com"]

[Event "Titled Tuesday Blitz March 15 Late 2022"]
[White "Kadam, Om Manish"]
[Black "Lazavik, Denis"]
[WhiteFideId "45076294"]
[BlackFideId "13515110"]
[WhiteElo "1729"]
[BlackElo "2437"]
[Result "0-1"]
[Round "01"]
[TimeControl "180+1"]
[Date "2022.03.15"]
[WhiteClock "0:00:58"]
[BlackClock "0:02:40"]

1. e4 c5 2. Nf3 e6 3. d4 cxd4 4. Nxd4 Nc6 5. Nc3 Qc7 6. Be3 a6 7. Bd3 Nf6 8. Nxc6 bxc6 9. O-O d5 10. Qe2 Be7 11. Kh1 Bb7 12. f4 c5 13. exd5 exd5 14. Bg1 O-O 15. Rae1 Bd6 16. Qf2 Rfe8 17. Qh4 d4 18. Ne2 Qc6 19. Rf3 Qxf3 0-1


[Site "https://www.chess.com"]

[Event "Titled Tuesday Blitz March 15 Late 2022"]
[White "Kamsky, Gata"]
[Black "Bettalli, Francesco"]
[WhiteFideId "2000024"]
[BlackFideId "2816453"]
[WhiteElo "2645"]
[BlackElo "2216"]
[Result "1-0"]
[Round "01"]
[TimeControl "180+1"]
[Date "2022.03.16"]
[WhiteClock "0:00:38"]
[BlackClock "0:00:49"]

1. e4 e5 2. Nf3 Nf6 3. Nxe5 Nxe4 4. Qe2 Qe7 5. Qxe4 d6 6. d4 dxe5 7. dxe5 Nc6 8. Nc3 Qxe5 9. Qxe5+ Nxe5 10. Nb5 Bb4+ 11. c3 Ba5 12. Bf4 f6 13. O-O-O O-O 14. Bxe5 fxe5 15. Bc4+ Kh8 16. f3 e4 17. fxe4 Bg4 18. Rdf1 Rae8 19. Rxf8+ Rxf8 20. Rf1 Re8 21. h3 Bh5 22. e5 h6 23. e6 Bb6 24. Nd4 Bc5 25. b4 Be7 26. Kb2 Bf6 27. Kb3 Re7 28. a4 Be8 29. Nf5 b5 30. axb5 1-0


[Site "https://www.chess.com"]

[Event "Titled Tuesday Blitz March 15 Late 2022"]
[White "Karas, Marek"]
[Black "Narayanan.S.L"]
[WhiteFideId "14928558"]
[BlackFideId "5058422"]
[WhiteElo "2271"]
[BlackElo "2494"]
[Result "0-1"]
[Round "01"]
[TimeControl "180+1"]
[Date "2022.03.15"]
[WhiteClock "0:00:02"]
[BlackClock "0:02:00"]

1. d4 Nf6 2. Nf3 g6 3. Bg5 Bg7 4. Nbd2 O-O 5. e3 c5 6. c3 b6 7. Bd3 Bb7 8. O-O d6 9. Qe2 Nbd7 10. e4 h6 11. Bh4 Nh5 12. Bg3 Nxg3 13. hxg3 a6 14. a4 e6 15. Rfd1 Qc7 16. d5 exd5 17. exd5 Rfe8 18. Qf1 Nf6 19. c4 Bc8 20. Re1 Bd7 21. Rxe8+ Rxe8 22. b3 Ng4 23. Re1 Rb8 24. Qe2 Bf8 25. Nh2 Re8 26. Qf1 Rxe1 27. Qxe1 Nxh2 28. Kxh2 Qd8 29. Ne4 Qe7 30. Qe3 f5 31. Nd2 Qxe3 32. fxe3 Kg7 33. Nf3 Kf6 34. Kg1 h5 35. Kf2 Bh6 36. Nd2 g5 37. Ke2 g4 38. e4 f4 39. Nf1 Ke5 40. gxf4+ Bxf4 41. g3 Bg5 42. Ne3 h4 43. gxh4 Bxh4 44. Nf5 Bg5 45. Kf2 Bf4 46. Be2 Kxe4 47. Ne7 g3+ 48. Kg2 Bg5 49. Nc6 Ke3 50. Bh5 Bf4 51. Bf7 Bf5 52. Be6 Be4+ 53. Kg1 g2 54. Bh3 Bc2 55. Bxg2 Bxb3 56. Bf1 Bxa4 57. Nb8 b5 58. cxb5 axb5 59. Na6 b4 60. Bc4 b3 61. Bxb3 Bxb3 62. Kg2 Bxd5+ 0-1


[Site "https://www.chess.com"]

[Event "Titled Tuesday Blitz March 15 Late 2022"]
[White "Khanin, Semen"]
[Black "Sinitsina, Anastassia"]
[WhiteFideId "4111990"]
[BlackFideId "4504640"]
[WhiteElo "2442"]
[BlackElo "2144"]
[Result "1-0"]
[Round "01"]
[TimeControl "180+1"]
[Date "2022.03.16"]
[WhiteClock "0:00:30"]
[BlackClock "0:00:34"]

1. e4 e5 2. Nf3 Nc6 3. d4 exd4 4. Nxd4 Nf6 5. Nxc6 bxc6 6. Bd3 d5 7. exd5 cxd5 8. O-O Be7 9. c4 d4 10. Bg5 O-O 11. Nd2 h6 12. Bh4 c5 13. Re1 Be6 14. h3 Rb8 15. b3 Re8 16. Qf3 Qa5 17. Re2 Qa6 18. Rae1 Qxa2 19. Bxf6 Bxf6 20. Ne4 Qa5 21. Nxf6+ gxf6 22. Qxf6 Rxb3 23. Rxe6 Rxe6 24. Bh7+ Kxh7 25. Qxf7+ Kh8 26. Rxe6 1-0


[Site "https://www.chess.com"]

[Event "Titled Tuesday Blitz March 15 Late 2022"]
[White "Kohler, Aran"]
[Black "Martin Duque, Jesus"]
[WhiteFideId "1002856"]
[BlackFideId "2208954"]
[WhiteElo "2283"]
[BlackElo "2243"]
[Result "0-1"]
[Round "01"]
[TimeControl "180+1"]
[Date "2022.03.16"]
[WhiteClock "0:00:21"]
[BlackClock "0:00:12"]

1. d4 Nf6 2. c3 b6 3. Bg5 Bb7 4. Nd2 g6 5. e3 Bg7 6. Ngf3 O-O 7. Bd3 d6 8. h4 Nbd7 9. h5 Nxh5 10. Rxh5 gxh5 11. Nh4 Qe8 12. Qxh5 f5 13. Qxe8 Raxe8 14. Bxf5 e6 15. Bh3 Bf6 16. Bxf6 Rxf6 17. O-O-O Nf8 18. f3 Rh6 19. g3 Ng6 20. Rg1 Kf7 21. Nxg6 hxg6 22. Bg2 Rh2 23. e4 Reh8 24. Kd1 Ba6 25. Ke1 c5 26. dxc5 bxc5 27. f4 c4 28. Nf3 R2h6 29. Ng5+ Ke7 30. Ke2 Rb8 31. Rb1 e5 32. Nf3 Rf8 33. Ke3 exf4+ 34. gxf4 Rb8 35. b3 cxb3 36. axb3 Rc8 37. c4 Bb7 38. Nd4 Rh2 39. Rb2 Rch8 40. Nf3 R2h5 41. b4 Rc8 42. Nd2 g5 43. f5 Kf6 44. Bf3 Rh2 45. Be2 Rch8 46. Nf3 R8h3 47. c5 g4 48. c6 Bxc6 49. Rb3 gxf3 50. Bxf3 Rxf3+ 51. Kxf3 Rh3+ 52. Kf4 Rxb3 0-1


[Site "https://www.chess.com"]

[Event "Titled Tuesday Blitz March 15 Late 2022"]
[White "Kokoszczynski, Jan"]
[Black "Hakobyan, Aram"]
[WhiteFideId "1174460"]
[BlackFideId "13306677"]
[WhiteElo "2163"]
[BlackElo "2557"]
[Result "0-1"]
[Round "01"]
[TimeControl "180+1"]
[Date "2022.03.15"]
[WhiteClock "0:01:42"]
[BlackClock "0:01:58"]

1. e4 c6 2. d4 d5 3. exd5 cxd5 4. Bd3 Nf6 5. c3 Bg4 6. Nf3 e6 7. h3 Bh5 8. O-O Bd6 9. Bg5 Nbd7 10. Nbd2 h6 11. Be3 O-O 12. Re1 Qc7 13. Rc1 Bf4 14. c4 Bxe3 15. Rxe3 dxc4 16. Nxc4 Nd5 17. Nce5 Nxe3 18. Rxc7 Nxd1 19. Nxd7 Rfc8 20. Rxb7 Rc1 21. Kh2 Nxf2 22. Bb5 Rh1+ 23. Kg3 Ne4+ 24. Kf4 Nd6 0-1


[Site "https://www.chess.com"]

[Event "Titled Tuesday Blitz March 15 Late 2022"]
[White "Kollars, Dmitrij"]
[Black "Janaszak, Dawid"]
[WhiteFideId "12909572"]
[BlackFideId "1119206"]
[WhiteElo "2584"]
[BlackElo "2199"]
[Result "1-0"]
[Round "01"]
[TimeControl "180+1"]
[Date "2022.03.15"]
[WhiteClock "0:00:43"]
[BlackClock "0:00:03"]

1. Nf3 g6 2. e4 c5 3. c3 d5 4. exd5 Qxd5 5. d4 Bg7 6. Na3 cxd4 7. Nb5 Na6 8. Be3 Nf6 9. Qxd4 O-O 10. Bc4 Qh5 11. Qe5 Bf5 12. Bd4 e6 13. O-O Ne8 14. Qg3 Be4 15. Ne5 b6 16. Nd7 e5 17. Be3 Rc8 18. Bb3 Nc5 19. Bxc5 bxc5 20. Nxf8 Kxf8 21. Rfe1 Bb7 22. Rad1 c4 23. Bc2 Bf6 24. h3 Rc5 25. Nd6 Nxd6 26. Rxd6 Kg7 27. Be4 Rb5 28. Bxb7 Rxb7 29. Rd2 Re7 30. Qg4 Qh6 31. Rde2 Bg5 32. Rxe5 Rxe5 33. Rxe5 Bf6 34. Re2 Qc1+ 35. Kh2 Qd1 36. g3 h5 37. Qe4 h4 38. g4 Bd8 39. Qd4+ Qxd4 40. cxd4 Bf6 41. d5 1-0


[Site "https://www.chess.com"]

[Event "Titled Tuesday Blitz March 15 Late 2022"]
[White "Kovanova, Baira"]
[Black "Pichot, Alan"]
[WhiteFideId "4164083"]
[BlackFideId "110973"]
[WhiteElo "2190"]
[BlackElo "2579"]
[Result "0-1"]
[Round "01"]
[TimeControl "180+1"]
[Date "2022.03.16"]
[WhiteClock "0:00:09"]
[BlackClock "0:00:23"]

1. e4 c5 2. Nf3 d6 3. d4 cxd4 4. Nxd4 Nf6 5. Nc3 Nc6 6. Bg5 e6 7. Qd2 a6 8. O-O-O Be7 9. f4 Bd7 10. Nb3 b5 11. Bxf6 gxf6 12. Be2 h5 13. Rhf1 Qb6 14. f5 O-O-O 15. Kb1 Kb8 16. a3 Rc8 17. Na2 Rc7 18. Nb4 Ne5 19. fxe6 fxe6 20. Qd4 Kb7 21. c3 h4 22. a4 a5 23. Nd3 bxa4 24. Nxe5 dxe5 25. Qxb6+ Kxb6 26. Nd2 Bc6 27. Nc4+ Kc5 28. Bd3 Ra7 29. Kc2 Rg8 30. Rf2 Rg4 31. Ne3 Rxe4 32. Bxe4 Bxe4+ 33. Kc1 f5 34. Re1 Bg5 35. Kd1 Rd7+ 36. Rd2 Rxd2+ 37. Kxd2 f4 38. Ng4 f3+ 39. Kd1 fxg2 40. Nxe5 Be3 41. Ng4 Bf3+ 42. Kc2 Bxg4 0-1


[Site "https://www.chess.com"]

[Event "Titled Tuesday Blitz March 15 Late 2022"]
[White "Kozlov, Gennady"]
[Black "Ardila, Oscar Humberto"]
[WhiteFideId "4191668"]
[BlackFideId "4404742"]
[WhiteElo "2392"]
[BlackElo "1966"]
[Result "1-0"]
[Round "01"]
[TimeControl "180+1"]
[Date "2022.03.16"]
[WhiteClock "0:02:01"]
[BlackClock "0:00:10"]

1. b3 Nf6 2. Bb2 e6 3. e3 Be7 4. f4 c5 5. Nf3 Nc6 6. Be2 O-O 7. O-O d6 8. Qe1 Qc7 9. Qg3 a6 10. a4 b6 11. Na3 Bb7 12. Rae1 Rad8 13. Bd3 Nb4 14. Ng5 Nxd3 15. cxd3 h6 16. Ne4 Bxe4 17. dxe4 Ne8 18. Nc4 b5 19. axb5 axb5 20. Na3 Qa5 21. Re2 Bf6 22. e5 dxe5 23. fxe5 Be7 24. Nb1 c4 25. bxc4 bxc4 26. Nc3 Qb4 27. Ba1 Ra8 28. Ne4 Rxa1 29. Rxa1 Qb2 30. Rf1 Qc2 31. Qg4 Qd3 32. Ref2 Nc7 33. Nf6+ Bxf6 34. exf6 g6 35. Rc1 Nd5 36. Qxc4 Qa3 37. e4 Nb6 38. Qc3 Qa4 39. Qe3 Nc4 40. Qxh6 1-0


[Site "https://www.chess.com"]

[Event "Titled Tuesday Blitz March 15 Late 2022"]
[White "Krasteva, Beloslava"]
[Black "Rastbod, Ali"]
[WhiteFideId "2922029"]
[BlackFideId "12567477"]
[WhiteElo "1689"]
[BlackElo "2200"]
[Result "0-1"]
[Round "01"]
[TimeControl "180+1"]
[Date "2022.03.16"]
[WhiteClock "0:00:01"]
[BlackClock "0:00:20"]

1. c4 e5 2. g3 c6 3. Bg2 d5 4. cxd5 cxd5 5. d4 e4 6. a3 Nc6 7. Nc3 h6 8. f3 exf3 9. Nxf3 Nf6 10. O-O Be7 11. Ne5 O-O 12. Nxc6 bxc6 13. Kh1 Bg4 14. Bf4 Qb6 15. Qd2 Rfe8 16. Rac1 Qa6 17. e4 dxe4 18. Nxe4 Nd5 19. Nc5 Qb6 20. h3 Bh5 21. g4 Bg6 22. Nd7 Qb5 23. Ne5 Rac8 24. Nxg6 fxg6 25. Be5 Bg5 26. Qf2 Rf8 27. Qc2 Ne7 28. Qc4+ Qxc4 29. Rxc4 Rxf1+ 30. Bxf1 Bf6 31. Bg2 Bxe5 32. dxe5 Kf7 33. Rc5 Ke6 34. b4 g5 35. Kg1 Ng6 36. Rxc6+ Rxc6 37. Bxc6 Nxe5 38. Be4 Nc4 39. a4 Ke5 40. Bb7 Nd6 41. Bc6 Kd4 42. b5 Kc5 43. Kf2 Kb4 44. Ke3 Nc4+ 45. Kd4 Nb6 0-1


[Site "https://www.chess.com"]

[Event "Titled Tuesday Blitz March 15 Late 2022"]
[White "Kubicka, Anna"]
[Black "Bluebaum, Matthias"]
[WhiteFideId "1152254"]
[BlackFideId "24651516"]
[WhiteElo "2000"]
[BlackElo "2550"]
[Result "0-1"]
[Round "01"]
[TimeControl "180+1"]
[Date "2022.03.15"]
[WhiteClock "0:00:24"]
[BlackClock "0:00:59"]

1. e4 c6 2. Nc3 d5 3. Nf3 dxe4 4. Nxe4 Nf6 5. Nxf6+ exf6 6. Bc4 Bd6 7. d3 O-O 8. Be3 Bg4 9. h3 Bh5 10. g4 Bg6 11. h4 h6 12. Qd2 a5 13. Bxh6 b5 14. h5 Bh7 15. Bxf7+ Rxf7 16. Be3 Bb4 17. c3 Bf8 18. O-O-O Rd7 19. d4 Be4 20. Rh3 b4 21. c4 b3 22. a3 Na6 23. h6 g6 24. Rdh1 Qe8 25. h7+ Kh8 26. Bh6 Qf7 27. Qc3 Nb4 28. Qxb3 a4 29. Qe3 Qxc4+ 30. Kd2 Qc2+ 31. Ke1 Nd5 32. Qd2 Qxd2+ 33. Kxd2 Bxh6+ 34. Rxh6 Bxf3 0-1


[Site "https://www.chess.com"]

[Event "Titled Tuesday Blitz March 15 Late 2022"]
[White "Kucuksari, Kaan"]
[Black "Sanchez, Robert"]
[WhiteFideId "6380166"]
[BlackFideId "2034360"]
[WhiteElo "2305"]
[BlackElo "2323"]
[Result "1-0"]
[Round "01"]
[TimeControl "180+1"]
[Date "2022.03.16"]
[WhiteClock "0:01:21"]
[BlackClock "0:00:43"]

1. d4 d5 2. Nf3 e6 3. c4 Nf6 4. g3 a6 5. Bg2 Be7 6. O-O O-O 7. Nc3 dxc4 8. Ne5 Nbd7 9. Nxc4 Rb8 10. Bf4 Nh5 11. Bd2 Nb6 12. Nxb6 cxb6 13. e4 Nf6 14. Bf4 Ra8 15. Rc1 Bd7 16. e5 Ne8 17. Bxb7 Ra7 18. Be4 Nc7 19. Be3 Nb5 20. d5 Nxc3 21. Rxc3 exd5 22. Bxd5 Bb5 23. Bc4 Rd7 24. Qb3 Bxc4 25. Rxc4 b5 26. Rcc1 h5 27. Rfd1 h4 28. e6 Rxd1+ 29. Rxd1 Qa8 30. exf7+ Rxf7 31. Qd5 Qc8 32. Rc1 Qg4 33. Rc7 Kf8 34. Qa8+ 1-0


[Site "https://www.chess.com"]

[Event "Titled Tuesday Blitz March 15 Late 2022"]
[White "Lashkin, Jegor"]
[Black "Fiorito, Fabian"]
[WhiteFideId "13907808"]
[BlackFideId "100200"]
[WhiteElo "2344"]
[BlackElo "2395"]
[Result "1-0"]
[Round "01"]
[TimeControl "180+1"]
[Date "2022.03.16"]
[WhiteClock "0:00:42"]
[BlackClock "0:00:26"]

1. d4 Nf6 2. c4 b6 3. Nc3 Bb7 4. d5 e6 5. a3 Be7 6. Nf3 O-O 7. e4 exd5 8. cxd5 Bc5 9. Bd3 Re8 10. O-O h6 11. b4 Bf8 12. Bb2 c6 13. Bc2 cxd5 14. e5 Ng4 15. Nxd5 Nc6 16. Re1 Qb8 17. Qd3 g6 18. h3 Ngxe5 19. Nf6+ Kh8 20. Nxe8 Bg7 21. Nxe5 Nxe5 22. Qd6 Nf3+ 23. gxf3 Bxb2 24. Qf8+ Kh7 25. Qxf7+ Kh8 26. Bxg6 1-0


[Site "https://www.chess.com"]

[Event "Titled Tuesday Blitz March 15 Late 2022"]
[White "Levin, Anthony"]
[Black "Krishnan, Varun"]
[WhiteFideId "30940680"]
[BlackFideId "5054508"]
[WhiteElo "1894"]
[BlackElo "2568"]
[Result "0-1"]
[Round "01"]
[TimeControl "180+1"]
[Date "2022.03.16"]
[WhiteClock "0:00:01"]
[BlackClock "0:00:09"]

1. d4 d5 2. e3 Nf6 3. Bd3 c6 4. Nd2 g6 5. b3 Bg7 6. Bb2 O-O 7. Ngf3 a5 8. a3 a4 9. O-O axb3 10. cxb3 b6 11. Qc2 Ba6 12. Bxa6 Rxa6 13. Rfc1 Nfd7 14. Qd3 Ra8 15. b4 Re8 16. Qb3 e5 17. dxe5 Nxe5 18. Nxe5 Bxe5 19. Bxe5 Rxe5 20. Nf3 Re8 21. Nd4 Qf6 22. a4 Qd6 23. a5 b5 24. h3 Ra6 25. Rc2 Nd7 26. Rac1 Ne5 27. Rd1 Nc4 28. Nf3 h6 29. Nd2 Qf6 30. Nxc4 bxc4 31. Qa4 Rb8 32. Rb1 Qe7 33. b5 cxb5 34. Rxb5 Rd8 35. Rb6 Qa7 36. Qb5 Rxa5 37. Qc6 Ra1+ 38. Kh2 Qe7 39. g3 Qe4 40. Rbb2 Qh1# 0-1


[Site "https://www.chess.com"]

[Event "Titled Tuesday Blitz March 15 Late 2022"]
[White "Lewicki, Miroslaw"]
[Black "Martinez Alcantara, Jose Eduardo"]
[WhiteFideId "1113380"]
[BlackFideId "3805662"]
[WhiteElo "2283"]
[BlackElo "2690"]
[Result "1-0"]
[Round "01"]
[TimeControl "180+1"]
[Date "2022.03.15"]
[WhiteClock "0:00:10"]
[BlackClock "0:00:03"]

1. g3 c5 2. Bg2 Nc6 3. Nf3 g6 4. O-O Bg7 5. c3 e5 6. e4 Nge7 7. d3 O-O 8. Be3 d6 9. Nbd2 h6 10. a4 Be6 11. Nc4 f5 12. exf5 gxf5 13. Qd2 d5 14. Na3 f4 15. Bxc5 e4 16. dxe4 dxe4 17. Qxd8 Raxd8 18. Rfe1 exf3 19. Rxe6 fxg2 20. Bxe7 Rfe8 21. Bxd8 Rxe6 22. Bc7 f3 23. Nc4 Re2 24. Rd1 Nd4 25. cxd4 Bxd4 26. Ne3 Rxe3 27. Ba5 Re4 28. Rd3 Bxb2 29. Rxf3 Rxa4 30. Bd2 a5 31. Rb3 Bd4 32. Rxb7 Ra2 33. Be3 Bxe3 34. fxe3 a4 35. Ra7 a3 36. e4 Kf8 37. e5 Ke8 38. e6 Kd8 39. h4 h5 40. g4 hxg4 41. h5 Re2 42. h6 Rxe6 43. h7 Rh6 44. h8=Q+ Rxh8 45. Ra8+ Kc7 46. Rxh8 Kb7 47. Kxg2 Kb6 48. Ra8 Kb5 49. Rxa3 1-0


[Site "https://www.chess.com"]

[Event "Titled Tuesday Blitz March 15 Late 2022"]
[White "Lewtak, Damian"]
[Black "Ibarra Jerez, Jose Carlos"]
[WhiteFideId "1141724"]
[BlackFideId "2226332"]
[WhiteElo "2362"]
[BlackElo "2626"]
[Result "0-1"]
[Round "01"]
[TimeControl "180+1"]
[Date "2022.03.16"]
[WhiteClock "0:00:41"]
[BlackClock "0:01:52"]

1. d4 Nf6 2. c3 g6 3. Nf3 Bg7 4. h3 O-O 5. Bf4 d6 6. Nbd2 c5 7. e4 cxd4 8. cxd4 Nc6 9. Bb5 Qa5 10. Qa4 Qb6 11. O-O a6 12. Bxc6 bxc6 13. b3 Qb5 14. Qa3 a5 15. Rfc1 Bb7 16. Rc2 Qd3 17. Rac1 Nxe4 18. Ne1 Qxd4 19. Rc4 Qxf2+ 0-1


[Site "https://www.chess.com"]

[Event "Titled Tuesday Blitz March 15 Late 2022"]
[White "Li, Hui"]
[Black "Sochacki, Christophe"]
[WhiteFideId "15400310"]
[BlackFideId "662569"]
[WhiteElo "1954"]
[BlackElo "2480"]
[Result "1/2-1/2"]
[Round "01"]
[TimeControl "180+1"]
[Date "2022.03.16"]
[WhiteClock "0:00:04"]
[BlackClock "0:00:14"]

1. e4 c5 2. Nf3 d6 3. d4 cxd4 4. Nxd4 Nf6 5. Nc3 a6 6. Be2 e5 7. Nb3 Be7 8. O-O O-O 9. Be3 Be6 10. Qd2 Nbd7 11. a4 Rc8 12. a5 Qc7 13. Rfd1 Rfd8 14. Qe1 Bxb3 15. cxb3 Qc6 16. Rac1 Nc5 17. Nd5 Nxd5 18. Rxd5 Qe8 19. Bxc5 Rxc5 20. Rcxc5 dxc5 21. Bc4 Rxd5 22. Bxd5 Qb5 23. Qc3 Bd6 24. g3 Kf8 25. Qc4 Qd7 26. Qa4 Qc7 27. Qc4 g6 28. Kg2 Kg7 29. b4 cxb4 30. Qxc7 Bxc7 31. Bxb7 Bxa5 32. Bxa6 Bb6 33. Bc4 f5 34. f3 Kf6 35. b3 h5 36. Kf1 f4 37. Kg2 g5 38. g4 hxg4 39. fxg4 Ke7 40. Kf3 Kd6 41. Bg8 Kc5 42. Bd5 Kd4 43. Bg8 Kc3 44. Bd5 Bg1 45. h3 Kd2 46. Be6 Bd4 47. Bc4 Ke1 48. Bf7 Kf1 49. Bc4+ Kg1 50. Bd3 Kh2 51. Bf1 Kg1 52. Bc4 Bc5 53. Bd3 Kh2 54. Bf1 Kg1 55. Bc4 Bb6 56. Bd3 Bc7 57. Bc4 Bd8 58. Bd3 Be7 59. Bc4 Kh2 60. Bf1 Kg1 61. Bc4 Kh2 62. Bf1 Kh1 63. Bg2+ Kh2 64. Bf1 1/2-1/2


[Site "https://www.chess.com"]

[Event "Titled Tuesday Blitz March 15 Late 2022"]
[White "Logozar, Elijah"]
[Black "Indjic, Aleksandar"]
[WhiteFideId "30963788"]
[BlackFideId "911925"]
[WhiteElo "2528"]
[BlackElo "2616"]
[Result "0-1"]
[Round "01"]
[TimeControl "180+1"]
[Date "2022.03.15"]
[WhiteClock "0:01:14"]
[BlackClock "0:01:26"]

1. e4 c6 2. d4 d5 3. e5 c5 4. dxc5 e6 5. a3 Bxc5 6. Nf3 Ne7 7. b4 Bb6 8. Bd3 a5 9. b5 Nd7 10. O-O Nc5 11. Nc3 a4 12. Be3 Ng6 13. Bxg6 fxg6 14. Ne2 O-O 15. Ned4 Bd7 16. Ng5 h6 17. Nh3 Rc8 18. Nf4 Qe8 19. Qg4 g5 20. Nh5 Ne4 21. h4 Rc4 22. Rad1 Bxd4 23. Rxd4 Rxd4 24. Bxd4 Bxb5 25. hxg5 hxg5 26. Rb1 Rf5 27. f3 Nd2 28. Rd1 Nc4 29. Re1 Nxa3 30. Ng3 Nxc2 31. Nxf5 exf5 32. Qxf5 Nxd4 33. Qxg5 Ne6 34. Qd2 Bc4 35. f4 Qf7 36. Re3 Qxf4 0-1


[Site "https://www.chess.com"]

[Event "Titled Tuesday Blitz March 15 Late 2022"]
[White "Magallanes, Rey Jomar"]
[Black "Goryachkina, Aleksandra"]
[WhiteFideId "5205948"]
[BlackFideId "4147103"]
[WhiteElo "2222"]
[BlackElo "2426"]
[Result "0-1"]
[Round "01"]
[TimeControl "180+1"]
[Date "2022.03.16"]
[WhiteClock "0:01:24"]
[BlackClock "0:01:04"]

1. e4 e6 2. d4 d5 3. e5 c5 4. c3 Nc6 5. Nf3 Nge7 6. Be3 Nf5 7. Nbd2 cxd4 8. cxd4 Qb6 9. Nb3 a5 10. a4 Bb4+ 11. Bd2 Bxd2+ 12. Nbxd2 Nfxd4 13. Nxd4 Qxd4 14. Nf3 Qe4+ 15. Be2 Nxe5 16. O-O Nxf3+ 17. Bxf3 Qb4 18. Be2 O-O 19. Ra3 b6 20. Rh3 e5 21. Rh5 Be6 22. Qc2 f5 23. Bg4 Qxg4 24. Rh3 Rac8 25. Qd2 d4 26. Rg3 Qf4 27. Qe2 e4 28. f3 e3 29. Qd3 Bc4 30. Qd1 e2 31. Qe1 exf1=Q+ 32. Qxf1 Bxf1 33. Kxf1 Rc1+ 34. Kf2 Qe3# 0-1


[Site "https://www.chess.com"]

[Event "Titled Tuesday Blitz March 15 Late 2022"]
[White "Maghsoodloo, Parham"]
[Black "Dauner, Benedikt"]
[WhiteFideId "12539929"]
[BlackFideId "16225899"]
[WhiteElo "2630"]
[BlackElo "2230"]
[Result "1-0"]
[Round "01"]
[TimeControl "180+1"]
[Date "2022.03.15"]
[WhiteClock "0:02:03"]
[BlackClock "0:00:06"]

1. e4 c5 2. Nf3 Nf6 3. e5 Nd5 4. Nc3 e6 5. Bc4 Nb6 6. d3 Nc6 7. Bb5 Be7 8. h4 Nd4 9. a4 a6 10. Bc4 Qc7 11. Bf4 h6 12. Ne4 Nxc4 13. dxc4 Nxf3+ 14. Qxf3 Qc6 15. a5 Ra7 16. h5 O-O 17. Nd6 Qxf3 18. gxf3 f6 19. Rg1 Bxd6 20. exd6 Kf7 21. Be3 Ra8 22. Bxc5 e5 23. O-O-O Re8 24. Bb6 Re6 25. Rd5 Re8 26. Kd2 Re6 27. Kc3 Re8 28. Kb4 Re6 29. Be3 Re8 30. Kc5 b6+ 31. axb6 Bb7 32. Kb4 Rec8 33. Ra5 Rc6 34. c5 Ke6 35. Rxg7 Rcc8 36. Re7+ Kf5 37. Rxd7 Bc6 38. Rh7 Bxf3 39. Rxh6 Be4 40. c4 Rg8 41. Ra1 Bc6 42. Ka5 Ke4 43. b4 f5 44. Bc1 Rg2 45. Ra2 f4 46. Re6 Rg1 47. Bb2 Rd1 48. Rxe5+ Kf3 49. h6 Rd2 50. h7 Rh8 51. Re7 Rf8 52. Ra3+ Kg2 53. h8=Q Rxb2 54. Qxb2 Bf3 55. b7 Ra8 56. bxa8=Q Bxa8 57. d7 Bf3 58. d8=Q Kh3 59. Rxf3+ Kg2 60. Qg8+ Kf1 61. Qc1# 1-0


[Site "https://www.chess.com"]

[Event "Titled Tuesday Blitz March 15 Late 2022"]
[White "Maltsevskaya, Aleksandra"]
[Black "Gatterer, Florian"]
[WhiteFideId "24174041"]
[BlackFideId "811688"]
[WhiteElo "2241"]
[BlackElo "2218"]
[Result "1-0"]
[Round "01"]
[TimeControl "180+1"]
[Date "2022.03.16"]
[WhiteClock "0:01:55"]
[BlackClock "0:01:12"]

1. e4 e5 2. Nf3 Nc6 3. Bb5 Nf6 4. O-O Nxe4 5. d4 Nd6 6. Bxc6 dxc6 7. dxe5 Nf5 8. Qxd8+ Kxd8 9. Rd1+ Ke8 10. b3 h6 11. Bb2 Be7 12. Nc3 Be6 13. h3 Rd8 14. Ne2 c5 15. c4 Nh4 16. Nd2 g5 17. Ne4 Ng6 18. Nf6+ Bxf6 19. exf6 Rxd1+ 20. Rxd1 Nf4 21. Ng3 b6 22. Be5 h5 23. Bxc7 Bd7 24. Ne4 Ne2+ 25. Kf1 Nd4 26. Nxg5 Rg8 27. h4 Ne6 28. Nxe6 fxe6 29. f7+ Kxf7 30. Rxd7+ 1-0


[Site "https://www.chess.com"]

[Event "Titled Tuesday Blitz March 15 Late 2022"]
[White "Marson, Juan Miguel"]
[Black "Abdrlauf, Elham"]
[WhiteFideId "106585"]
[BlackFideId "1533533"]
[WhiteElo "2053"]
[BlackElo "2334"]
[Result "0-1"]
[Round "01"]
[TimeControl "180+1"]
[Date "2022.03.15"]
[WhiteClock "0:01:03"]
[BlackClock "0:01:17"]

1. e4 e5 2. Nf3 Nf6 3. Nxe5 d6 4. Nf3 Nxe4 5. Nc3 Nxc3 6. dxc3 Be7 7. Be3 O-O 8. Qd2 Be6 9. O-O-O Bxa2 10. b3 a5 11. Kb2 a4 12. Kxa2 axb3+ 13. Kxb3 c5 14. Kc4 Ra3 15. Kd3 Qa5 16. Ke2 Rxc3 17. Ke1 Bf6 0-1


[Site "https://www.chess.com"]

[Event "Titled Tuesday Blitz March 15 Late 2022"]
[White "Matlakov, Maxim"]
[Black "Urbina Perez, Juan Antonio"]
[WhiteFideId "4168003"]
[BlackFideId "2217368"]
[WhiteElo "2669"]
[BlackElo "2192"]
[Result "1-0"]
[Round "01"]
[TimeControl "180+1"]
[Date "2022.03.15"]
[WhiteClock "0:00:48"]
[BlackClock "0:00:01"]

1. d4 d5 2. Nf3 Nf6 3. Bf4 e6 4. e3 Bd6 5. Nbd2 c5 6. Bb5+ Nc6 7. dxc5 Bxf4 8. exf4 Qa5 9. Nd4 Bd7 10. Bxc6 Bxc6 11. Nb3 Qc7 12. g3 a5 13. O-O a4 14. Nd4 Qa5 15. f5 e5 16. Qe1 O-O 17. Nxc6 bxc6 18. Nf3 e4 19. Nd4 Qxc5 20. Qd2 Nd7 21. Kg2 Ne5 22. b3 Rfe8 23. h3 h6 24. Qe3 f6 25. Rfd1 Qa7 26. Qc3 Rac8 27. Ne6 Nf3 28. Rab1 Rxe6 29. fxe6 Qe7 30. Rxd5 Qxe6 31. Rc5 Ng5 32. Qc4 axb3 33. cxb3 Kf7 34. Rc1 Ke7 35. Qxe6+ Nxe6 36. Rxc6 1-0


[Site "https://www.chess.com"]